 Dungeon Crawl Stone Soup version 0.18.1-48-g4cf74bf (webtiles) character file.

7605 Heedrag the Destroyer (level 10, -3/58 HPs)
             Began as a Deep Elf Conjurer on Aug 6, 2016.
             Was an Elder of Vehumet.
             Hit by a large rock thrown by a cyclops (22 damage)
             ... on level 11 of the Dungeon.
             The game lasted 00:29:07 (10333 turns).

Heedrag the Destroyer (Deep Elf Conjurer)          Turns: 10333, Time: 00:29:08

Health: -3/58      AC: 16    Str: 12    XL:     10   Next: 98%
Magic:  20/26      EV: 10    Int: 21    God:    Vehumet [****..]
Gold:   446        SH:  7    Dex: 15    Spells: 5 memorised, 15 levels left

rFire  + . .     SeeInvis .     T - +2 short sword (protect)
rCold  + . .     Gourm    .     a - +3 ring mail of Pioghi {*Corrode rF+ rN+ Regen+}
rNeg   + . .     Faith    .     U - +0 shield (curse)
rPois  .         Spirit   .     k - +0 helmet
rElec  .         Dismiss  .     B - +0 cloak
rCorr  .         Reflect  .     e - +0 pair of gloves
SustAt .         Harm     .     (no boots)
MR     +....                    (no amulet)
Stlth  +.........               J - +4 ring of strength
                                Z - ring of protection from cold

@: somewhat resistant to hostile enchantments, very unstealthy
A: mutation resistance 1
a: Renounce Religion


You were on level 11 of the Dungeon.
You worshipped Vehumet.
Vehumet was greatly pleased with you.
You were not hungry.

You visited 2 branches of the dungeon, and saw 12 of its levels.

You collected 491 gold pieces.
You spent 45 gold pieces at shops.

Inventory:

Hand Weapons
 r - a +1 dagger of venom
 A - a +4 quarterstaff of chaos
 O - a +1 dagger of venom
 T - a +2 short sword of protection (weapon)
Armour
 a - the +3 ring mail of Pioghi (worn) {*Corrode rF+ rN+ Regen+}
   (You found it on level 8 of the Dungeon)

   It protects you from fire.
   It protects you from negative energy.
   It increases your rate of regeneration.
   It may corrode you when you take damage.
 e - a +0 pair of gloves (worn)
 k - a +0 helmet (worn)
 B - a +0 cloak (worn)
 E - a +1 robe of fire resistance
 U - a cursed +0 shield (worn)
 X - the +1 ring mail of Sif Muna's Displeasure {Int+7}
   (You found it on level 10 of the Dungeon)

   It affects your intelligence (+7).
Jewellery
 h - an uncursed ring of fire
 l - an uncursed ring of teleportation
 J - a +4 ring of strength (right hand)
 S - a +4 ring of evasion
 Z - a ring of protection from cold (left hand)
Wands
 y - a wand of disintegration (6/24)
 L - a wand of iceblast (5/15)
 N - a wand of teleportation (4/9)
 P - a wand of enslavement (9/24)
 R - a wand of polymorph (8/24)
 W - a wand of iceblast (2/15)
Scrolls
 f - 2 scrolls of teleportation
 i - 2 scrolls of amnesia
 j - 2 scrolls of enchant weapon
 m - 14 scrolls of identify
 p - a scroll of remove curse
 s - 2 scrolls of magic mapping {unknown}
 u - a scroll of noise {unknown}
 w - a scroll of torment {unknown}
 x - 3 scrolls of blinking {unknown}
 z - a scroll of random uselessness {unknown}
 D - 2 scrolls of fog {unknown}
 M - a scroll of brand weapon {unknown}
 V - a scroll of enchant armour {unknown}
Potions
 d - 2 potions of brilliance {unknown}
 g - 2 potions of haste {unknown}
 o - 4 potions of curing
 q - 2 potions of cancellation {unknown}
 t - 4 potions of degeneration
 F - 2 potions of might {unknown}
 I - 2 potions of heal wounds {unknown}
 Q - a potion of lignification {unknown}
Books
 b - a book of Conjurations

   Spells                             Type                      Level
   a - Magic Dart                     Conjuration                  1
   b - Searing Ray                    Conjuration                  2
   c - Dazzling Spray                 Conjuration/Hexes            3
   d - Fulminant Prism                Conjuration/Hexes            4
   e - Iskenderun's Mystic Blast      Conjuration                  4
   f - Iskenderun's Battlesphere      Conjuration/Charms           5
 G - the Catalogue of Mutagenic Orientation
   (You found it on level 6 of the Dungeon)

   Spells                             Type                      Level
   a - Apportation                    Translocation                1
   b - Beastly Appendage              Transmutation                1
   c - Sticks to Snakes               Transmutation                2
   d - Petrify                        Transmutation/Earth          4
   e - Summon Forest                  Summoning/Translocation      5
   f - Hydra Form                     Transmutation                6
 H - a book of Transfigurations

   Spells                             Type                      Level
   a - Irradiate                      Conjuration/Transmutation    5
   b - Statue Form                    Transmutation/Earth          6
   c - Hydra Form                     Transmutation                6
   d - Dragon Form                    Transmutation                7
Comestibles
 c - 5 bread rations
 n - 4 beef jerkies
 v - 2 slices of pizza
 C - 23 fruits
 K - 2 meat rations
 Y - a chunk of flesh


   Skills:
 + Level 4.6 Fighting
 + Level 0.5 Armour
 + Level 5.9 Dodging
 - Level 2.4 Stealth
 + Level 10.4 Spellcasting
 * Level 11.9 Conjurations
 + Level 9.7 Charms
 + Level 4.2 Fire Magic


You had 15 spell levels left.
You knew the following spells:

 Your Spells              Type           Power        Failure   Level  Hunger
a - Magic Dart            Conj           ####         1%          1    None
b - Dazzling Spray        Conj/Hex       #####.       8%          3    None
c - Iskenderun's Mystic   Conj           ######..     2%          4    ##.....
d - Iskenderun's Battles  Conj/Chrm      ######..     11%         5    ####...
e - Flame Tongue          Conj/Fire      #####        1%          1    None


Dungeon Overview and Level Annotations

Branches:
Dungeon (11/15)            Temple (1/1) D:4             Orc (0/2) D:10
   Lair: D:8-11

Altars:
Ashenzari
Cheibriados
Dithmenos
Elyvilon
Fedhas
Gozag
Kikubaaqudgha
Makhleb
Nemelex Xobeh
Okawaru
Pakellas
Qazlal
Ru
Sif Muna
Trog
Vehumet
Xom
Yredelemnul
Zin
The Shining One

Shops:
D:4 !   D:10 !


Innate Abilities, Weirdness & Mutations

You are somewhat resistant to further mutation.


Message History

Ye continue eatin'. x2
A cyclops comes inta view.
A cyclops be nearby!
Castin': Magic Dart Confirm wit' . or Enter, or press ? or * ta list all spells.
Ye conjure a globe o' magical energy.
Tha cyclops throws a large rock.
Tha large rock hits ye!!!
Ouch! Tha re'lly hurt!
Castin': Iskenderun's Battlesphere Confirm wit' . or Enter, or press ? or * ta list all spells.
Aimin': Magic Dart
Press: ? - help, Shift-Dir - straight line, f - cyclops
Aim: a cyclops Tha magic dart hits tha cyclops.
Tha cyclops be lightly wounded.
Yer battlesphere fires!
Tha barrage o' energy hits tha cyclops.
Tha cyclops be moderately wounded.
Tha cyclops throws a large rock.
Tha large rock hits ye!!
Ye die...

C. ..# #..#
.. #..# #..
#.$# #...
##..# #...#
##*.# ....#
##.@#
#..###..##
#..<..##
#....##
##..##
##.## #...#
#......#
#..........


You could see a cyclops and a friendly battlesphere.

Vanquished Creatures
  A hill giant (D:6)
  Pikel (D:6)
  Psyche (D:9)
  2 two-headed ogres
  3 hippogriffs
  A mottled dragon (D:11)
  Duvessa (D:7)
  A water moccasin (D:10)
  A black bear (D:8)
  4 slaves (D:6)
  A phantom (D:9)
  4 ice beasts
  A necrophage (D:7)
  2 orc warriors (D:9)
  A sky beast (D:9)
  2 ogres
  4 centaurs
  5 giant frogs
  2 scorpions
  Dowan (D:7)
  17 killer bees
  9 howler monkeys
  9 wights (D:7)
  2 centaur zombies
  5 crimson imps
  5 hounds
  Crazy Yiuf (D:5)
  A giant frog skeleton (D:9)
  2 giant frog zombies (D:8)
  6 jellies
  5 orc priests
  A centaur skeleton (D:5)
  15 orc wizards
  A gnoll shaman (D:6)
  2 iguanas
  7 worker ants
  A hound skeleton (D:6)
  A howler monkey zombie (D:5)
  8 gnolls (D:6)
  13 adders
  5 shadow imps
  2 oozes
  3 adder skeletons
  4 worms
  2 dart slugs
  5 giant geckos
  33 orcs
  9 bats
  4 giant cockroaches
  9 goblins
  12 hobgoblins
  17 jackals
  7 kobolds
  8 quokkas
  5 giant newts
  A jackal skeleton (D:5)
  A quokka skeleton (D:5)
  7 rats
284 creatures vanquished.

Notes
Turn   | Place    | Note
--------------------------------------------------------------
     0 | D:1      | Heedrag the Deep Elf Conjurer began the quest for the Orb.
     0 | D:1      | Reached XP level 1. HP: 10/10 MP: 6/6
   225 | D:1      | Reached XP level 2. HP: 15/15 MP: 5/8
   535 | D:2      | Found a white marble altar of Elyvilon.
   545 | D:2      | Reached skill level 5 in Conjurations
   545 | D:2      | Reached XP level 3. HP: 19/19 MP: 3/10
   651 | D:2      | Learned a level 3 spell: Dazzling Spray
   748 | D:2      | Found an oddly glowing altar of Pakellas.
  1085 | D:2      | Found a glowing golden altar of the Shining One.
  1156 | D:2      | Reached XP level 4. HP: 22/24 MP: 8/12
  1435 | D:3      | Learned a level 4 spell: Iskenderun's Mystic Blast
  1736 | D:3      | Reached skill level 5 in Spellcasting
  1736 | D:3      | Reached skill level 6 in Conjurations
  1736 | D:3      | Reached XP level 5. HP: 19/28 MP: 0/14
  1882 | D:3      | Learned a level 5 spell: Iskenderun's Battlesphere
  2043 | D:3      | Reached skill level 1 in Charms
  2398 | D:4      | Found a staircase to the Ecumenical Temple.
  2435 | D:4      | Found Namus's Distillery.
  2455 | Temple   | Entered the Ecumenical Temple
  2601 | D:4      | Bought a potion of mutation for 32 gold pieces
  2601 | D:4      | Bought a potion of degeneration for 13 gold pieces
  2601 | D:4      | Gained mutation: You are somewhat resistant to further mutation. [potion of mutation]
  2872 | D:4      | Found a radiant altar of Vehumet.
  2927 | D:4      | Became a worshipper of Vehumet
  2983 | D:4      | Reached XP level 6. HP: 32/32 MP: 8/16
  3069 | D:4      | Reached skill level 7 in Conjurations
  3518 | D:5      | Entered Level 5 of the Dungeon
  4461 | D:5      | Noticed Crazy Yiuf
  4464 | D:5      | Killed Crazy Yiuf
  4464 | D:5      | Reached XP level 7. HP: 36/36 MP: 10/18
  4587 | D:6      | Noticed Pikel
  4905 | D:6      | Noticed a hill giant
  4910 | D:6      | Killed a hill giant
  4910 | D:6      | Reached skill level 8 in Conjurations
  4910 | D:6      | Reached skill level 5 in Charms
  4910 | D:6      | Reached XP level 8. HP: 38/41 MP: 9/20
  5033 | D:6      | Reached * piety under Vehumet
  5033 | D:6      | Offered knowledge of Freeze by Vehumet.
  5152 | D:6      | Reached skill level 1 in Fighting
  5152 | D:6      | Reached skill level 9 in Conjurations
  5223 | D:6      | Found a basalt altar of Yredelemnul.
  5355 | D:6      | Identified the Catalogue of Mutagenic Orientation
  6092 | D:6      | Killed Pikel
  6092 | D:6      | Reached skill level 10 in Conjurations
  6092 | D:6      | Reached XP level 9. HP: 49/49 MP: 7/23
  6209 | D:7      | Noticed Dowan
  6213 | D:7      | Noticed Duvessa
  6214 | D:7      | Killed Dowan
  6217 | D:7      | Killed Duvessa
  6465 | D:7      | Offered knowledge of Flame Tongue by Vehumet.
  6468 | D:7      | Learned a level 1 spell: Flame Tongue
  6586 | D:7      | Reached ** piety under Vehumet
  6647 | D:7      | Reached skill level 1 in Fire Magic
  7049 | D:7      | Found a burning altar of Makhleb.
  7399 | D:8      | Reached skill level 11 in Conjurations
  7474 | D:8      | Offered knowledge of Inner Flame by Vehumet.
  7515 | D:8      | Reached XP level 10. HP: 56/56 MP: 21/25
  7523 | D:8      | Reached *** piety under Vehumet
  7636 | D:8      | Found a blossoming altar of Fedhas.
  7681 | D:8      | Found a shattered altar of Ashenzari.
  8026 | D:8      | Got a crude ring mail
  8027 | D:8      | Identified the +3 ring mail of Pioghi {*Corrode rF+ rN+ Regen+} (You found it on level 8 of the Dungeon)
  8192 | D:8      | Offered knowledge of Mephitic Cloud by Vehumet.
  8352 | D:9      | Noticed Psyche
  8357 | D:9      | Killed Psyche
  8357 | D:9      | Reached skill level 5 in Dodging
  8360 | D:9      | Reached skill level 10 in Spellcasting
  8619 | D:9      | Found an oddly glowing altar of Pakellas.
  8910 | D:9      | Reached **** piety under Vehumet
  9220 | D:9      | Offered knowledge of Ignite Poison by Vehumet.
  9398 | D:9      | Found a deep blue altar of Sif Muna.
  9401 | D:9      | Found a shattered altar of Ashenzari.
  9404 | D:9      | Found a shadowy altar of Dithmenos.
  9521 | D:10     | Entered Level 10 of the Dungeon
  9598 | D:10     | Found Ruastoa's Distillery.
  9702 | D:10     | Got a twisted ring mail
  9703 | D:10     | Identified the +1 ring mail of Sif Muna's Displeasure {Int+7} (You found it on level 10 of the Dungeon)
  9774 | D:10     | Found a sacrificial altar of Ru.
 10101 | D:10     | Found a staircase to the Orcish Mines.
 10331 | D:11     | Noticed a cyclops
 10333 | D:11     | Hit by a large rock thrown by a cyclops

Skill      XL: |  1  2  3  4  5  6  7  8  9 10 |
---------------+-------------------------------+-----
Spellcasting   | 4 5 6 7 8 9 10 | 10.4
Conjurations   | 5 6 7 8 10 11 | 11.9
Charms         | 2 3 5 7 8 9 |  9.7
Fighting       | 2 3 4 |  4.6
Fire Magic     | 2 4 |  4.2
Dodging        | 4 5 |  5.9
Armour         | |  0.5
Stealth        | |  2.4

Action                   |  1- 3 |  4- 6 |  7- 9 | 10-12 || total
-------------------------+-------+-------+-------+-------++-------
Melee: Short sword       |     1 |       |       |     3 ||     4
       Dagger            |       |    26 |       |       ||    26
       Quarterstaff      |       |       |    29 |    10 ||    39
 Cast: Magic Dart        |    84 |   186 |   201 |   200 ||   671
       Dazzling Spray    |       |     5 |       |       ||     5
       Iskenderun's Batt |       |     1 |    35 |    29 ||    65
       Iskenderun's Myst |       |       |       |     1 ||     1
  Use: Potion            |       |     1 |       |     3 ||     4
       Scroll            |       |       |     5 |     3 ||     8
  Eat: Chunk             |     1 |    10 |    16 |    15 ||    42
       Pizza             |       |       |     1 |       ||     1
Armor: Robe              |     1 |    26 |    18 |       ||    45
       Ring mail         |       |       |       |    53 ||    53
Dodge: Dodged            |     8 |    32 |    53 |    89 ||   182
Block: Shield            |       |       |       |     8 ||     8
